 Dungeon Crawl Stone Soup version 0.23.2-33-g5129a83 (webtiles) character file.

Game seed: 16605064804118787946

78 DinnerBoy7 the Charmwright (level 4, -3/23 HPs)
             Began as a Vine Stalker Skald on July 29, 2019.
             Was an Initiate of Sif Muna.
             Slain by Grinder (6 damage)
             ... on level 3 of the Dungeon.
             The game lasted 00:07:01 (2179 turns).

DinnerBoy7 the Charmwright (Vine Stalker Skald)     Turns: 2179, Time: 00:07:02

Health: -3/23      AC:  3    Str: 19    XL:     4   Next: 36%
Magic:  0/8        EV: 12    Int: 13    God:    Sif Muna [......]
Gold:   68         SH:  0    Dex: 14    Spells: 2/8 levels left

rFire    . . .     SeeInvis .   a - +0 falchion
rCold    . . .     Gourm    .   (no shield)
rNeg     . . .     Faith    .   i - +0 leather armour
rPois    .         Spirit   +   (no helmet)
rElec    .         Reflect  .   (no cloak)
rCorr    +         Harm     .   (no gloves)
MR       .....                  (no boots)
Stlth    +.........             (no amulet)
HPRegen  0.47/turn              m - ring of flight
MPRegen  0.11/turn              p - ring of resist corrosion

@: mighty, infused (expiring), lightly drained
A: fangs 2, regeneration 1, magic shield, antimagic bite, no potion heal 3, rot
immunity
a: Renounce Religion, Evoke Flight


You were on level 3 of the Dungeon.
You worshipped Sif Muna.
Sif Muna was noncommittal.
You were not hungry.

You visited 1 branch of the dungeon, and saw 3 of its levels.

You collected 68 gold pieces.

Inventory:

Hand Weapons
 a - a +0 falchion (weapon)
 b - a +0 hunting sling
Missiles
 j - 157 stones (quivered)
Armour
 c - a +0 ring mail
 i - a +0 leather armour (worn)
Jewellery
 m - a ring of flight (left hand)
 p - a ring of resist corrosion (right hand)
 t - an uncursed ring of resist corrosion
Scrolls
 e - 3 scrolls of identify {unknown}
 f - a scroll of enchant armour {unknown}
 h - 2 scrolls of amnesia {unknown}
 k - 4 scrolls of teleportation {unknown}
 l - 3 scrolls of fog {unknown}
Potions
 g - 3 potions of haste {unknown}
 n - a potion of might
 o - a potion of mutation {unknown}
 r - 2 potions of ambrosia {unknown}
 s - a potion of curing {unknown}
Comestibles
 d - 5 rations
 q - 8 chunks of flesh


   Skills:
 + Level 2.3(1.8) Fighting
 + Level 2.1(1.7) Long Blades
 + Level 1.3(0.8) Armour
 + Level 2.1(1.6) Dodging
 + Level 2.6(2.1) Spellcasting
 + Level 0.5(0.0) Hexes
 + Level 3.3(2.8) Charms


You had 2 spell levels left.
You knew the following spells:

 Your Spells              Type           Power        Failure   Level  Hunger
a - Infusion              Chrm           #...         9%          1    ##.....
b - Song of Slaying       Chrm           #.......     14%         2    ###....
c - Spectral Weapon       Hex/Chrm       #.......     43%         3    ####...

Your spell library contained the following spells:

 Spells                   Type           Power        Failure   Level  Hunger
 Shroud of Golubria       Chrm/Tloc      #.........   26%         2    ###....
 Regeneration             Chrm/Necr      #.........   45%         3    ####...


Dungeon Overview and Level Annotations

Branches:
Dungeon (3/15)

Altars:
Makhleb
Nemelex Xobeh
Sif Muna

Annotations:
D:3 Grinder


Innate Abilities, Weirdness & Mutations

You have extremely sharp teeth.
Your natural rate of healing is unusually fast.
When hurt, damage is shared between your health and your magic reserves.
Your bite disrupts and absorbs the magic of your enemies.
Potions cannot restore your health.
You are immune to rotting.


Message History

You hit Grinder. You bite Grinder, but do no damage.
Grinder is lightly wounded.
Your spectral weapon misses Grinder.
Grinder gestures at you. You resist with significant effort.
You miss Grinder. Your bite misses Grinder.
Grinder is lightly wounded.
Your magical infusion is running out.
Your spectral weapon hits Grinder.
Grinder hits you.
You writhe in agony.
* * * LOW HITPOINT WARNING * * *
You closely miss Grinder.
Grinder is moderately wounded.
Your spectral weapon misses Grinder.
Grinder barely misses you.
Grinder blinks!
It was a potion of might.
You feel very mighty all of a sudden.
Grinder says, "Just stop there for a second..."
Grinder hits you.
* * * LOW HITPOINT WARNING * * *
You writhe in agony.
You die...

#.#.# #####...##(###.
#.#.# #..............
....####.###..)##.#...
#.#......(.รทรท....(#.# #
..<.#####.##.#.##.#.# .#
#.#.# #.##.#.##(#.# .(#
...#### #.##.#.##.#.#.>.#
#.###.###.##.#.(.)......#
#.##.#.##.##....@5....<.#
#.#.###.#.#######.#.##.##
...## ##..........#.# #
#...###...#########.#
####.#.#### .# ##.## .#
### .. ##


You could see Grinder and a friendly spectral +0 falchion.

Vanquished Creatures
  3 adders (D:2)
  A worm (D:3)
  2 dart slugs (D:1)
  A leopard gecko (D:1)
  An orc (D:3)
  3 ball pythons
  2 giant cockroaches
  2 goblins
  3 hobgoblins (D:1)
  8 jackals
  7 bats
  A frilled lizard (D:3)
  2 kobolds (D:1)
  3 rats
39 creatures vanquished.

Notes
Turn   | Place    | Note
-------+----------+-------------------------------------------
     0 | D:1      | DinnerBoy7 the Vine Stalker Skald began the quest for the
                  | Orb.
     0 | D:1      | Reached XP level 1. HP: 11/11 MP: 4/4
   196 | D:1      | Reached XP level 2. HP: 13/15 MP: 0/6
   200 | D:1      | Learned a level 2 spell: Song of Slaying
   315 | D:1      | Reached skill level 1 in Armour
   846 | D:1      | Reached XP level 3. HP: 17/18 MP: 1/7
  1258 | D:2      | Learned a level 3 spell: Spectral Weapon
  1534 | D:2      | Found a deep blue altar of Sif Muna.
  1547 | D:2      | Became a worshipper of Sif Muna the Loreminder
  1648 | D:2      | Gained mutation: Your natural rate of healing is unusually
                  | fast. [Vine Stalker growth]
  1648 | D:2      | Reached XP level 4. HP: 14/23 MP: 3/8
  1723 | D:2      | Found a burning altar of Makhleb.
  1893 | D:3      | Found a sparkling altar of Nemelex Xobeh.
  2163 | D:3      | Noticed Grinder
  2179 | D:3      | Slain by Grinder

Skill      XL: |  1  2  3 |
---------------+----------+-----
Armour         | 1 |  1.3
Fighting       | 2 |  2.3
Long Blades    | 2 |  2.1
Dodging        | 2 |  2.1
Spellcasting   | |  2.6
Hexes          | |  0.5
Charms         | |  3.3

Action                   |  1- 3 |  4- 6 || total
-------------------------+-------+-------++-------
Melee: Falchion          |    70 |    21 ||    91
       Bite              |    16 |     7 ||    23
Throw: Stone             |       |     3 ||     3
 Cast: Infusion          |    13 |     4 ||    17
       Song of Slaying   |     1 |     1 ||     2
       Spectral Weapon   |     3 |     1 ||     4
  Use: Potion            |       |     1 ||     1
  Eat: Chunk             |     3 |     2 ||     5
Armor: Leather armour    |    29 |    11 ||    40
Dodge: Dodged            |    80 |    21 ||   101
       Rpst.: Falchion   |    22 |     4 ||    26
